Match 47485176
Unlisted

Match 47485176
End
Selects Luftwaffe Battlegroup
Selects Luftwaffe Pioneer Support
Fallschirmpioneer Squad Paradrop
Construct Infanterie Kompanie
MG 42 Machine Gun Team
Fallschirmpioneer Squad Paradrop
Infanterie Officer Quarters
Fallschirmpioneer Squad Paradrop
Construct Panzergrenadier Kompanie
251 Medium Carrier
Selects Stuka Strafing Run
Pak 40 Anti-tank Gun Team
Stuka Strafing Run
Stuka Strafing Run
Selects Fallschirmjäger Squad Paradrop
Fallschirmjäger Squad Paradrop
MindfulRaptor
nispe
Serika
MrBlueSteel
kamacura
Jerking Hans
0
0

Comments sign in to comment!

No comments posted yet!